 Dungeon Crawl Stone Soup version 0.31.0-11-ge490571c62 (webtiles) character file.

Game seed: 3912742561404789592

2116 PaiMei the Purveyor of Pain (level 9, -8/68 HPs)
             Began as a Demonspawn Necromancer on Feb 2, 2024.
             Was an Initiate of Kikubaaqudgha.
             Mangled by Joseph
             ... wielding a +2 spectral quarterstaff
              (12 damage)
             ... on level 7 of the Dungeon.
             The game lasted 00:12:55 (9866 turns).

PaiMei the Purveyor of Pain (DsNe)                  Turns: 9866, Time: 00:12:56

Health: -8/68      AC:  3    Str:  8    XL:     9   Next: 8%
Magic:  2/17       EV: 14    Int: 26    God:    Kikubaaqudgha [......]
Gold:   395        SH:  5    Dex: 14    Spells: 2/19 levels left

rFire   . . .        B - +2 dagger (venom)
rCold   . . .        (no shield)
rNeg    . . .        a - +0 robe
rPois   .            (no helmet)
rElec   .            u - +0 cloak
rCorr   .            (gloves unavailable)
SInv    .            (no boots)
Will    .....        o - amulet of reflection
Stlth   ++           i - +6 ring of intelligence
HPRegen 0.31/turn    (no ring)
MPRegen 0.15/turn

%: reflection
@: no status effects
A: demonic touch 3
a: Renounce Religion


You were on level 7 of the Dungeon.
You worshipped Kikubaaqudgha.
Kikubaaqudgha was noncommittal.
You visited 2 branches of the dungeon, and saw 8 of its levels.

You collected 395 gold pieces.

Inventory:

Hand Weapons
 B - a +2 dagger of venom (weapon)
Missiles
 s - 13 poisoned darts (quivered)
 w - 8 silver javelins
Armour
 a - a +0 robe (worn)
 c - an orb of light
 u - a +0 cloak (worn)
 v - the +0 cloak "Qucisiku" {Fly rPois rF- rN+}
   (You found it on level 3 of the Dungeon)

   rF-:       It makes you vulnerable to fire.
   rPois:     It protects you from poison rN+: It protects you from negative
   energy.
   Fly:       It grants you flight.
Jewellery
 h - an amulet of guardian spirit
 i - a +6 ring of intelligence (left hand)
 o - an amulet of reflection (around neck)
Wands
 p - a wand of quicksilver (8)
Scrolls
 e - 4 scrolls of enchant weapon {unknown}
 g - 2 scrolls of vulnerability {unknown}
 j - a scroll of butterflies {unknown}
 k - 6 scrolls of identify {unknown}
 m - 4 scrolls of teleportation {unknown}
 t - a scroll of amnesia {unknown}
 x - 2 scrolls of enchant armour {unknown}
 y - a scroll of noise {unknown}
 A - 2 scrolls of fear {unknown}
Potions
 b - a potion of magic
 d - 4 potions of heal wounds {unknown}
 f - 3 potions of curing {unknown}
 l - a potion of resistance {unknown}
 n - 2 potions of degeneration {unknown}
 q - a potion of might {unknown}
 r - a potion of lignification {unknown}
 z - a potion of enlightenment {unknown}


   Skills:
 + Level 5.2 Fighting
 + Level 5.7 Dodging
 - Level 3.0 Stealth
 + Level 5.8 Spellcasting
 + Level 7.9 Necromancy


You had 2 spell levels left.
You knew the following spells:

 Your Spells              Type           Power      Damage    Failure   Level
a - Necrotise             Necr           100%       1d9       1%          1
b - Vampiric Draining     Necr           48%        2d9       1%          3
c - Animate Dead          Necr           48%        N/A       2%          4
d - Curse of Agony        Necr           48%        N/A       8%          5
e - Martyr's Knell        Necr/Summ      28%        N/A       14%         4

Your spell library contained the following spells:

 Spells                   Type           Power      Damage    Failure   Level
 Foxfire                  Conj/Fire      28%        2x1d5     7%          1
 Jinxbite                 Hex            14%        N/A       11%         2
 Yara's Violent Unravell  Hex/Alch       3%         3d4       89%         5
 Plasma Beam              Fire/Air       3%         2x1d13    100%        6
 Starburst                Conj/Fire      3%         6d3       100%        6
 Enfeeble                 Hex            3%         N/A       100%        7


Dungeon Overview and Level Annotations

Branches:
Dungeon (7/15)             Temple (1/1) D:5

Altars:
Ashenzari
Cheibriados
Dithmenos
Fedhas
Gozag
Hepliaklqana
Kikubaaqudgha
Makhleb
Nemelex Xobeh
Qazlal
Ru
Sif Muna
Uskayaw
Vehumet
Xom
Yredelemnul

Annotations:
D:4 Menkaure
D:7 1 runed translucent door, Crazy Yiuf, Joseph, Maurice


Innate Abilities, Weirdness & Mutations

Your touch may irresistibly damage your foes and sap their willpower.


Message History

Confirm with . or Enter, or press ? or * to list all spells.
Aiming: Vampiric Draining (safe; 1% risk of failure)
Press: ? - help, Shift-Dir - straight line, f/p - Joseph
Aim: Joseph, wielding a +2 spectral quarterstaff and wearing a +0 leather armour (lightly wounded)
You draw life force from Joseph!
You feel life coursing into your body! You block Joseph's attack.
The +2 spectral quarterstaff hits you!
* * * LOW HITPOINT WARNING * * *
Casting: Vampiric Draining (safe; 1% risk of failure)
Confirm with . or Enter, or press ? or * to list all spells.
Aiming: Vampiric Draining (safe; 1% risk of failure)
Press: ? - help, Shift-Dir - straight line, f/p - Joseph
Aim: Joseph, wielding a +2 spectral quarterstaff and wearing a +0 leather armour (moderately wounded)
You draw life force from Joseph!
You feel life coursing into your body! Joseph misses you.
The +2 spectral quarterstaff hits you!
* * * LOW HITPOINT WARNING * * *
Casting: Vampiric Draining (safe; 1% risk of failure)
Confirm with . or Enter, or press ? or * to list all spells.
Aiming: Vampiric Draining (safe; 1% risk of failure)
Press: ? - help, Shift-Dir - straight line, f/p - Joseph
Aim: Joseph, wielding a +2 spectral quarterstaff and wearing a +0 leather armour (heavily wounded)
You draw life force from Joseph!
You feel life coursing into your body. Joseph misses you.
The +2 spectral quarterstaff hits you!
* * * LOW HITPOINT WARNING * * *
Casting: Vampiric Draining (safe; 1% risk of failure)
Confirm with . or Enter, or press ? or * to list all spells.
You don't have enough magic to cast this spell.
Casting: Vampiric Draining (safe; 1% risk of failure)
Confirm with . or Enter, or press ? or * to list all spells.
You don't have enough magic to cast this spell.
Casting: Vampiric Draining (safe; 1% risk of failure)
Confirm with . or Enter, or press ? or * to list all spells.
You don't have enough magic to cast this spell.
Casting: Vampiric Draining (safe; 1% risk of failure)
Confirm with . or Enter, or press ? or * to list all spells.
You don't have enough magic to cast this spell.
You hit Joseph.
Joseph is poisoned.
Your touch misses Joseph.
Joseph is severely wounded.
Joseph hits you with a +2 spectral quarterstaff!
You die...
Kikubaaqudgha rasps: "You have failed me!
Welcome... death!"

..... #.....##### .....
#.........#### @.....
##............# ##### ....
#.............# #...#
...#####............## ##....
#...##......<......# #.....
#........(........# ##.....
##.....#.)@.......###.....<
###.......#.@........##......
###..........##.........#......
###.............##...............
#................##..............
..................##.............
...............[(..##............
#...................##...........
#....................##..........
#..............>......##.........


You could see Joseph (very poisoned) and a +2 spectral quarterstaff.

Vanquished Creatures
  Sigmund (D:4)
  A wyvern (D:7)
  Edmund (D:4)
  2 water moccasins
  Duvessa (D:4)
  An ice beast (D:7)
  2 ogres
  A phantom (D:5)
  A bullfrog (D:4)
  2 scorpions
  Dowan (D:4)
  A bombardier beetle (D:4)
  6 hounds
  An orc priest (D:4)
  2 jellies
  2 sleepcaps
  6 iguanas
  9 adders
  11 gnolls
  4 ufetubi
  2 dart slugs
  10 orcs
  8 ball pythons
  4 bats
  6 endoplasms
  2 giant cockroaches
  10 goblins
  9 hobgoblins
  9 jackals
  5 kobolds
  4 quokkas
  3 frilled lizards
  8 rats
136 creatures vanquished.

Vanquished Creatures (collateral kills)
  An iguana (D:5)
  A ribbon worm (D:2)
  2 hobgoblins
  A rat (D:1)
5 creatures vanquished.

Grand Total: 141 creatures vanquished

Notes
Turn   | Place    | Note
-------+----------+-------------------------------------------
     0 | D:1      | PaiMei the Demonspawn Necromancer began the quest for the
                  | Orb.
     0 | D:1      | Reached XP level 1. HP: 13/13 MP: 3/3
   177 | D:1      | Gained mutation: Your touch may inflict minor irresistible
                  | damage on your foes. [demonic ancestry]
   177 | D:1      | Reached XP level 2. HP: 15/19 MP: 0/5
   807 | D:1      | Gained mutation: Your touch may inflict irresistible damage
                  | on your foes. [demonic ancestry]
   807 | D:1      | Reached XP level 3. HP: 24/24 MP: 4/6
  1040 | D:1      | You fall into a shaft and drop 1 floor!
  2040 | D:2      | Reached XP level 4. HP: 28/30 MP: 0/7
  2266 | D:2      | Reached skill level 5 in Necromancy
  2880 | D:3      | Found a faded altar of an unknown god.
  2888 | D:3      | Reached XP level 5. HP: 35/35 MP: 6/9
  2896 | D:3      | Learned a level 3 spell: Vampiric Draining
  2901 | D:3      | Learned a level 4 spell: Animate Dead
  3432 | D:3      | Found a sparkling altar of Nemelex Xobeh.
  3607 | D:3      | Identified the +0 cloak "Qucisiku" {Fly rPois rF- rN+}
  3728 | D:4      | Noticed an ogre
  4088 | D:4      | Killed an ogre
  4089 | D:4      | Reached skill level 1 in Fighting
  4089 | D:4      | Reached XP level 6. HP: 4/43 MP: 0/10
  4457 | D:4      | Noticed Menkaure
  4885 | D:4      | Noticed Sigmund
  4895 | D:4      | Killed Sigmund
  4896 | D:4      | Reached skill level 6 in Necromancy
  4896 | D:4      | Gained mutation: Your touch may irresistibly damage your
                  | foes and sap their willpower. [demonic ancestry]
  4896 | D:4      | Reached XP level 7. HP: 48/51 MP: 6/12
  4980 | D:4      | Noticed Edmund
  5427 | D:4      | Found a shadowy altar of Dithmenos.
  5428 | D:4      | Noticed Dowan
  5438 | D:4      | Noticed Duvessa
  5460 | D:4      | Killed Duvessa
  5460 | D:4      | HP: 1/51 [Dowan/shard of ice (25)]
  5461 | D:4      | Killed Dowan
  6166 | D:4      | Killed Edmund
  6167 | D:4      | Reached XP level 8. HP: 38/59 MP: 2/14
  6433 | D:5      | Entered Level 5 of the Dungeon
  6697 | D:5      | Reached skill level 7 in Necromancy
  6853 | D:5      | Reached skill level 5 in Spellcasting
  7404 | D:5      | Found a staircase to the Ecumenical Temple.
  7638 | Temple   | Entered the Ecumenical Temple
  7658 | Temple   | Became a worshipper of Kikubaaqudgha
  7865 | D:6      | Found a broken altar of Ashenzari.
  7871 | D:6      | Reached skill level 5 in Dodging
  8849 | D:7      | Found a runed translucent door.
  8850 | D:7      | Noticed Crazy Yiuf
  9076 | D:7      | Reached skill level 5 in Fighting
  9175 | D:7      | Noticed Joseph
  9185 | D:7      | Reached XP level 9. HP: 44/68 MP: 9/17
  9622 | D:7      | Learned a level 5 spell: Curse of Agony
  9627 | D:7      | Learned a level 4 spell: Martyr's Knell
  9639 | D:7      | Noticed Maurice
  9865 | D:7      | HP: 3/68 [+2 spectral quarterstaff[Joseph] (13)]
  9866 | D:7      | Mangled by Joseph

Illustrated notes

Levels and vault maps discovered:
D:1:      dpeg_arrival_arbitrary_a, layout_basic, minmay_strange_pillars,
          serial_bayou_lagoon_a, nicolae_concentric_dashed_squares_mild
D:2:      layout_loops_ring, serial_park_tiny_1
D:3:      layout_loops_ring, nemelex_spade_bored_becter,
          chequers_ecumenical_altar_simple_redux, minivault_14
D:4:      layout_basic, amcnicky_altar_gilded, minmay_misc_feat_ornament,
          minmay_misc_feat_doors, uniq_edmund, uniq_menkaure, uniq_sigmund,
          uniq_duvessa
D:5:      layout_loops_ring, minmay_temple_entry_enclosed_plants
D:6:      layout_basic, mainiacjoe_overflow_alcove_1
D:7:      layout_cave_pods, gammafunk_ghost_necromancy, uniq_joseph,
          uniq_maurice, uniq_crazy_yiuf_cottage
Temple:   eino_wide_crystal_templ

Skill      XL: |  1  2  3  4  5  6  7  8 |
---------------+-------------------------+-----
Stealth        | 2 3 |  3.0
Dodging        | 2 3 4 5 |  5.7
Necromancy     | 5 6 7 |  7.9
Spellcasting   | 3 4 5 |  5.8
Fighting       | 1 2 3 5 |  5.2

Action                     |  1- 3 |  4- 6 |  7- 9 || total
---------------------------+-------+-------+-------++-------
  Melee: Dagger            |    25 |    18 |    36 ||    79
         Touch             |     6 |     5 |     9 ||    20
         Punch             |       |       |     1 ||     1
   Cast: Necrotise         |    92 |    76 |   116 ||   284
         Vampiric Draining |       |     7 |    42 ||    49
   Stab: Sleeping          |       |     1 |       ||     1
 Armour: Robe              |    46 |    25 |    77 ||   148
  Dodge: Dodged            |    46 |    37 |    83 ||   166
  Block: Other             |       |       |    17 ||    17
         Reflection        |       |       |     2 ||     2
